 Dungeon Crawl Stone Soup version 0.20.0-15-g7f486f2 (webtiles) character file.

127983 Zwobot the Brawler (level 16, -19/156 HPs)
             Began as a Troll Wizard on June 11, 2017.
             Was a Believer of Uskayaw.
             Demolished by an orc warrior
             ... wielding a +0 glaive
             ... led by an orc warlord
              (33 damage)
             ... on level 2 of the Orcish Mines.
             The game lasted 01:53:39 (24953 turns).

Zwobot the Brawler (Troll Wizard)                  Turns: 24953, Time: 01:53:41

Health: -19/156    AC: 11    Str: 21    XL:     16   Next: 47%
Magic:  12/21      EV: 22    Int: 17    God:    Uskayaw [**....]
Gold:   1844       SH:  0    Dex:  8    Spells: 1/23 levels left

rFire    . . .     SeeInvis +     - Unarmed
rCold    . . .     Gourm    +   (no shield)
rNeg     . . .     Faith    +   D - +2 robe {MR+}
rPois    .         Spirit   .   b - +1 hat
rElec    .         Reflect  .   g - +2 cloak {+Inv}
rCorr    .         Harm     .   (gloves unavailable)
MR       ++...                  (boots unavailable)
Stlth    +.........             W - amulet of faith
Regen    0.8/turn               h - +5 ring of evasion
MPRegen  0.2/turn               R - +4 ring of evasion

@: very slightly contaminated
A: unfitting armour, claws 3, see invisible, blink, dopey 1, fast metabolism 3,
gourmand, regeneration 1, shaggy fur 1, strong 1, tough skin 2
a: Blink, Stomp, Line Pass, Renounce Religion, Evoke Invisibility


You were on level 2 of the Orcish Mines.
You worshipped Uskayaw.
Uskayaw was aware of your devotion.
You were not hungry.

You visited 4 branches of the dungeon, and saw 24 of its levels.
You visited the Abyss 1 time.
You also visited: Ice Cave.

You collected 2116 gold pieces.
You spent 272 gold pieces at shops.

Inventory:

Hand Weapons
 u - a +3 blowgun
Missiles
 c - 7 large rocks (quivered)
 P - 5 javelins
 X - 9 curare-tipped needles
Armour
 b - a +1 hat (worn)
 g - a +2 cloak of invisibility (worn)
 w - a +2 robe of fire resistance
 D - a +2 robe of magic resistance (worn)
Magical Staves
 e - an uncursed staff of earth
Jewellery
 h - a +5 ring of evasion (left claw)
 C - an uncursed ring of fire
 I - an uncursed ring of poison resistance
 R - a +4 ring of evasion (right claw)
 W - an amulet of faith (around neck)
Wands
 a - a wand of acid (9/15)
 p - a wand of iceblast (3/15)
 v - a wand of lightning (8/15)
 y - a wand of digging (3/24)
 E - a wand of acid (3/15)
 F - a wand of iceblast (7/15)
 N - a wand of scattershot (0/9)
 T - a wand of flame (7/48)
 Z - a wand of scattershot (5/9)
Scrolls
 f - 2 scrolls of magic mapping
 t - 7 scrolls of remove curse
 x - a scroll of recharging
 G - 2 scrolls of amnesia
 K - a scroll of blinking
Potions
 i - 2 potions of haste
 j - 6 potions of flight
 m - 4 potions of ambrosia
 n - 10 potions of curing
 q - a potion of magic
 r - 2 potions of heal wounds
 s - 3 potions of might
 z - a potion of cancellation
 A - 3 potions of mutation
 L - 2 potions of resistance
 O - 2 potions of invisibility
 Q - a potion of berserk rage
 S - a potion of agility
 V - 2 potions of degeneration {unknown}
Books
 l - a book of Geomancy

   Spells                             Type                      Level
   a - Sandblast                      Earth                        1
   b - Passwall                       Transmutation/Earth          2
   c - Stone Arrow                    Conjuration/Earth            3
   d - Petrify                        Transmutation/Earth          4
   e - Lee's Rapid Deconstruction     Earth                        5
 Y - a book of the Earth

   Spells                             Type                      Level
   a - Leda's Liquefaction            Hexes/Earth                  4
   b - Bolt of Magma                  Conjuration/Fire/Earth       5
   c - Statue Form                    Transmutation/Earth          6
   d - Iron Shot                      Conjuration/Earth            6
   e - Shatter                        Earth                        9
Miscellaneous
 U - a lamp of fire (inert)
Comestibles
 d - 15 bread rations
 k - 25 royal jellies
 B - 10 meat rations
 H - 38 fruits


   Skills:
 - Level 9.0 Fighting
 - Level 8.4 Dodging
 - Level 1.0 Stealth
 - Level 16.4 Unarmed Combat
 - Level 4.0 Spellcasting
 - Level 3.0 Conjurations
   Level 0.6 Summonings
 - Level 3.1 Translocations
 - Level 11.0 Transmutations
 - Level 3.0 Fire Magic
 * Level 7.6 Earth Magic
 - Level 8.0 Invocations
 - Level 2.0 Evocations


You had one spell level left.
You knew the following spells:

 Your Spells              Type           Power        Failure   Level  Hunger
a - Hydra Form            Tmut           #####.....   26%         6    #######
b - Statue Form           Tmut/Erth      #####....    45%         6    #######
c - Mephitic Cloud        Conj/Pois/Air  #.......     30%         3    ###....
d - Conjure Flame         Conj/Fire      ##......     14%         3    ###....
f - Animate Skeleton      Necr           N/A          16%         1    None
A - Apportation           Tloc           ##....       4%          1    None
B - Blink                 Tloc           N/A          7%          2    ##.....


Dungeon Overview and Level Annotations

Branches:
Dungeon (15/15)            Temple (1/1) D:6            Lair (6/6) D:9
  Swamp (0/4) Lair:4        Snake (0/4) Lair:2        Slime (0/5) Lair:5
    Orc (2/2) D:10            Elf (0/3) Orc:2        Depths (0/5) D:15
 Vaults: D:13-14

Altars:
Ashenzari
Cheibriados
Dithmenos
Elyvilon
Fedhas
Gozag
Hepliaklqana
Kikubaaqudgha
Makhleb
Nemelex Xobeh
Okawaru
Qazlal
Ru
Sif Muna
Trog
Uskayaw
Vehumet
Xom
Yredelemnul
Zin
The Shining One
Beogh
Jiyva

Shops:
D:7 *   D:11 *   D:12 ?(!   D:13 =   Orc:1 }   Orc:2 *[(

Annotations:
D:12 1 exclusion
D:14 exclusion: 3 doors
Lair:4 !rupert, Rupert
Lair:6 exclusion: oklob plant


Innate Abilities, Weirdness & Mutations

You are too large for most types of armour.
You have claws for hands.
Your metabolism is lightning-fast.
You like to eat raw meat.
Your natural rate of healing is unusually fast.
You are covered in fur. (AC +1)
You have very tough skin. (AC +2)
You have supernaturally acute eyesight. (SInv)
You can translocate small distances at will.
You are dopey. (Int -2)
Your muscles are strong. (Str +2)


Message History

You stomp with the beat, sending a shockwave through the revelers around you!
The orc warrior is severely wounded.
The orc warlord is almost dead.
The orc warrior is heavily wounded.
You feel somewhat more hungry. The orc warrior completely misses you.
The orc warlord hits you with an uncursed vampiric war axe!
Uskayaw will force your foes to helplessly watch your dance.
You stomp with the beat, sending a shockwave through the revelers around you!
The orc warrior is almost dead.
The orc warlord is almost dead.
The orc warrior is severely wounded.
You feel somewhat more hungry. The orc warrior misses you.
The orc warrior barely misses you.
Unknown command.
You closely miss the orc warlord.
The orc warlord is almost dead.
The orc warlord hits you with an uncursed vampiric war axe!!!
* * * LOW HITPOINT WARNING * * *
The orc warlord draws strength from your wounds!
The orc warrior hits you with a glaive!!
You die...

#............ #..#(........
. #..(......... ..
#............
.#########..(.#.[[....
..............#..[....
##.#.#.#....#........
#..o.o.....#.........
##.#@#)...###........
#.[o)......##........
##.[<)................
####.#)###.##....#####...
##.#..(..........##...##..
#.......#####....#.....#..
###.....##...##..[#[._..#..
##.......#.....#.#[)[)...#..
#........#..8..#.#.##...##..


You could see an orc warlord and 2 orc warriors.

Vanquished Creatures
  Frances (D:14)
  2 tentacled starspawn (Abyss:2)
  Agnes (D:15)
  An orc warlord (Orc:2)
  A stone giant (D:12)
  Nessos (D:15)
  An ettin (D:15)
  A great orb of eyes (D:15)
  6 hydras
  2 centaur warriors
  A catoblepas (Lair:6)
  7 two-headed ogres
  A tengu warrior (D:15)
  An orc high priest (Orc:2)
  11 death yaks
  Nergalle (Orc:1)
  Sonja (D:13)
  A wretched star (Abyss:2)
  2 unseen horrors
  2 orc knights
  2 wolf spiders
  4 orc sorcerers
  A manticore (D:12)
  18 ugly things
  2 deep elf magi
  2 cyclopes
  2 worldbinders (Abyss:2)
  13 elephants
  A guardian serpent (Lair:6)
  11 black mambas
  2 smoke demons (Abyss:2)
  14 spiny frogs
  2 gargoyles
  4 centaur skeletons
  Psyche (D:9)
  7 rime drakes
  A kobold demonologist (D:12)
  A freezing wraith (D:14)
  2 yaktaurs (D:15)
  5 komodo dragons
  A silent spectre (Abyss:2)
  A tengu conjurer (D:15)
  9 trolls
  11 polar bears
  A troll (shapeshifter) (D:15)
  2 ancient zymes (Abyss:2)
  A harpy zombie (D:15)
  2 harpy skeletons
  12 blink frogs
  10 hippogriffs
  14 slime creatures
  A meliai zombie (D:14)
  5 raiju
  7 dream sheep
  2 redbacks (Lair:6)
  Sigmund (D:4)
  A centaur simulacrum (D:14)
  A water elemental (D:14)
  A ynoxinul (Abyss:2)
  66 yaks
  3 wraiths
  12 wyverns
  5 large abominations (Abyss:2)
  4 humans (D:14)
  2 vampires
  4 hungry ghosts
  A fire elemental (Lair:2)
  4 vampire mosquitoes
  3 neqoxecs (Abyss:2)
  A steam dragon (D:10)
  2 basilisks (Lair:5)
  Menkaure (D:6)
  Edmund (D:4)
  9 wargs
  13 hell hounds (Lair:6)
  A soldier ant (shapeshifter) (D:15)
  A soldier ant (D:13)
  5 insubstantial wisps (D:12)
  2 porcupines
  22 water moccasins
  Duvessa (D:7)
  8 sky beasts
  3 small abominations (Abyss:2)
  2 phantoms
  30 orc warriors
  5 ice beasts
  A necrophage (D:10)
  20 ogres
  30 wolves
  13 black bears
  5 boggarts (D:14)
  12 centaurs
  14 crocodiles
  4 big kobolds (D:9)
  19 bullfrogs
  2 gnoll sergeants
  3 scorpions
  Dowan (D:7)
  19 killer bees
  10 wights
  3 electric eels (D:10)
  4 howler monkeys
  4 crimson imps
  2 centaur zombies
  3 quasits
  3 hounds
  A bullfrog skeleton (D:5)
  A gnoll shaman (D:8)
  5 jellies
  19 orc wizards
  20 orc priests
  An iron imp (Abyss:2)
  6 iguanas
  8 worker ants
  A hound zombie (D:5)
  A hound skeleton (D:4)
  23 adders
  10 gnolls
  9 shadow imps
  An adder zombie (D:9)
  2 adder skeletons
  A worm (D:3)
  5 leopard geckos
  101 orcs
  A ball python (D:1)
  6 giant cockroaches
  13 goblins
  9 hobgoblins
  12 jackals
  11 kobolds
  5 quokkas
  6 bats
  5 frilled lizards
  2 jackal zombies
  2 quokka skeletons
  A quokka zombie (D:5)
  3 rats (D:3)
  A lurking horror (Abyss:2)
898 creatures vanquished.

Vanquished Creatures (collateral kills)
  A fire dragon (D:15)
  2 hydras (Lair:5)
  A two-headed ogre (D:12)
  2 death yaks (Lair:5)
  A deep elf archer (D:15)
  2 lindwurms (Lair:4)
  An ugly thing (D:14)
  4 black mambas
  A manticore (D:13)
  A centaur skeleton (D:10)
  2 rime drakes (Lair:5)
  A komodo dragon (Lair:5)
  2 tengu conjurers (D:14)
  2 hornets (Lair:6)
  A blink frog (Lair:5)
  2 dream sheep (Lair:6)
  A slime creature (D:14)
  4 hippogriffs
  A yak (Lair:6)
  5 wyverns
  2 basilisks
  2 wargs
  A hell hound (Lair:5)
  3 porcupines
  6 water moccasins
  2 orc warriors
  2 ice beasts (Lair:3)
  A wolf (Lair:2)
  A crocodile (Lair:3)
  A howler monkey zombie (D:10)
  2 adders
  An orc (Orc:2)
  3 fungi
  8 plants
72 creatures vanquished.

Vanquished Creatures (others)
  2 golden eyes (Abyss:2)
  2 ball lightnings (D:12)
  24 fungi
  50 plants
  4 starspawn tentacles (Abyss:2)
82 creatures vanquished.

Grand Total: 1052 creatures vanquished

Notes
Turn   | Place    | Note
-------+----------+-------------------------------------------
     0 | D:1      | Zwobot the Troll Wizard began the quest for the Orb.
     0 | D:1      | Reached XP level 1. HP: 16/16 MP: 2/2
    59 | D:1      | Reached skill level 1 in Unarmed Combat
   137 | D:1      | Reached XP level 2. HP: 24/24 MP: 4/4
   332 | D:1      | Reached skill level 2 in Unarmed Combat
   621 | D:2      | Reached XP level 3. HP: 31/31 MP: 5/5
   790 | D:2      | Reached skill level 3 in Unarmed Combat
   828 | D:2      | Learned a level 2 spell: Blink
  1506 | D:2      | Reached XP level 4. HP: 36/40 MP: 6/6
  1659 | D:3      | Reached skill level 1 in Fighting
  1679 | D:3      | Noticed an ogre
  1690 | D:3      | Killed an ogre
  1690 | D:3      | Reached skill level 4 in Unarmed Combat
  1690 | D:3      | Reached XP level 5. HP: 48/48 MP: 5/7
  2381 | D:4      | Reached skill level 5 in Unarmed Combat
  2418 | D:4      | Noticed Sigmund
  2442 | D:4      | Killed Sigmund
  2442 | D:4      | Reached XP level 6. HP: 59/59 MP: 8/8
  2561 | D:4      | Reached skill level 6 in Unarmed Combat
  2561 | D:4      | Reached XP level 7. HP: 63/66 MP: 9/9
  2676 | D:4      | Noticed Edmund
  2713 | D:4      | Killed Edmund
  2713 | D:4      | Reached skill level 1 in Evocations
  3030 | D:5      | Entered Level 5 of the Dungeon
  3030 | D:5      | Found a white marble altar of Elyvilon.
  3131 | D:5      | Reached skill level 7 in Unarmed Combat
  3160 | D:5      | Found an ancient bone altar of Kikubaaqudgha.
  3170 | D:5      | Reached XP level 8. HP: 57/75 MP: 10/10
  3177 | D:5      | Learned a level 3 spell: Mephitic Cloud
  3463 | D:5      | Reached skill level 8 in Unarmed Combat
  3643 | D:5      | Found a glowing drain.
  3941 | D:6      | You fall through a shaft for 3 floors!
  4001 | D:9      | Found a shadowy altar of Dithmenos.
  4016 | D:9      | Reached skill level 9 in Unarmed Combat
  4129 | D:9      | Found a staircase to the Lair.
  4158 | D:9      | Noticed Psyche
  4166 | D:9      | Killed Psyche
  4166 | D:9      | Reached skill level 10 in Unarmed Combat
  4166 | D:9      | Reached XP level 9. HP: 71/84 MP: 11/11
  4304 | D:9      | Noticed a two-headed ogre
  4339 | D:8      | Reached skill level 11 in Unarmed Combat
  4403 | D:7      | Found Ynadom's General Store.
  4746 | D:7      | Found a snail-covered altar of Cheibriados.
  4813 | D:7      | Noticed Dowan
  4814 | D:7      | Noticed Duvessa
  4819 | D:7      | Killed Dowan
  4833 | D:7      | Killed Duvessa
  4833 | D:7      | Reached skill level 12 in Unarmed Combat
  4934 | D:6      | Found a sacrificial altar of Ru.
  4977 | D:6      | Found a staircase to the Ecumenical Temple.
  5013 | Temple   | Entered the Ecumenical Temple
  5137 | Temple   | Became a worshipper of Uskayaw the Reveler
  5251 | D:6      | Noticed Menkaure
  5280 | D:6      | Killed Menkaure
  5280 | D:6      | Reached * piety under Uskayaw
  5642 | D:7      | Reached ** piety under Uskayaw
  5740 | D:8      | Reached XP level 10. HP: 90/93 MP: 12/12
  5740 | D:8      | Reached *** piety under Uskayaw
  5744 | D:8      | Reached skill level 1 in Invocations
  5746 | D:8      | Reached **** piety under Uskayaw
  6551 | D:9      | Noticed a two-headed ogre
  6578 | D:9      | Killed a two-headed ogre
  6578 | D:9      | Reached skill level 1 in Translocations
  6588 | D:9      | Reached ***** piety under Uskayaw
  6630 | D:9      | Killed a two-headed ogre
  6630 | D:9      | Reached skill level 13 in Unarmed Combat
  6835 | D:9      | Reached skill level 5 in Fighting
  6856 | D:9      | Reached ****** piety under Uskayaw
  7132 | D:9      | Noticed a two-headed hydra
  7139 | D:9      | Reached XP level 11. HP: 103/104 MP: 13/13
  7147 | D:9      | Killed a seven-headed hydra
  7158 | D:9      | Killed an unseen horror
  7270 | D:9      | Learned a level 3 spell: Conjure Flame
  8037 | Lair:1   | Entered Level 1 of the Lair of Beasts
  8049 | Lair:1   | Reached skill level 1 in Conjurations
  8145 | Lair:1   | Reached skill level 1 in Fire Magic
  8336 | Lair:1   | Learned a level 1 spell: Apportation
  8338 | Lair:1   | Learned a level 1 spell: Animate Skeleton
  8468 | Lair:1   | Got a fine shortbow
  8567 | Lair:1   | Reached skill level 14 in Unarmed Combat
  8567 | Lair:1   | Reached skill level 5 in Dodging
  8952 | Lair:2   | Reached XP level 12. HP: 33/114 MP: 14/14
  9328 | Lair:2   | Found a staircase to the Snake Pit.
  9770 | Lair:2   | Reached skill level 5 in Invocations
  9900 | Lair:2   | Noticed a four-headed hydra
  9905 | Lair:2   | Killed a seven-headed hydra
 10269 | Lair:3   | Found a frozen archway.
 10289 | IceCv    | Entered an ice cave
 10412 | Lair:3   | Reached skill level 15 in Unarmed Combat
 10866 | Lair:4   | Found a staircase to the Swamp.
 11103 | Lair:4   | Noticed a death yak
 11107 | Lair:4   | Killed a death yak
 11107 | Lair:4   | Reached XP level 13. HP: 107/124 MP: 9/16
 11391 | Lair:4   | Noticed Rupert
 11405 | Lair:4   | Paralysed by Rupert for 2 turns
 11568 | Lair:5   | Found a viscous altar of Jiyva.
 11570 | Lair:5   | Found a staircase to the Slime Pits.
 12195 | Lair:5   | Reached skill level 16 in Unarmed Combat
 12804 | Lair:6   | Entered Level 6 of the Lair of Beasts
 13081 | Lair:6   | Reached XP level 14. HP: 130/137 MP: 18/18
 13689 | Lair:6   | Learned a level 6 spell: Hydra Form
 13869 | Lair:6   | Reached skill level 1 in Transmutations
 14746 | Lair:6   | Reached skill level 5 in Transmutations
 15617 | D:10     | Entered Level 10 of the Dungeon
 16190 | D:10     | Found a staircase to the Orcish Mines.
 16787 | D:11     | Found Sysoseleus's Assorted Antiques.
 16796 | D:11     | Bought a scroll labeled ZAOTEU XUSERI for 35 gold pieces
 17310 | D:12     | Found Liur's Distillery.
 17313 | D:12     | Bought a potion of resistance for 140 gold pieces
 17393 | D:12     | Found Cefel's Weapon Shop.
 17525 | D:12     | Found Voaliem's Magic Scroll Shoppe.
 17619 | D:12     | Noticed a stone giant
 17636 | D:12     | Killed a stone giant
 17636 | D:12     | Reached XP level 15. HP: 126/146 MP: 20/20
 18574 | D:13     | Found Tehub's Jewellery Shoppe.
 18764 | D:13     | Noticed Sonja
 18873 | D:14     | Noticed Frances
 18890 | D:14     | Killed Frances
 19140 | D:13     | Killed Sonja
 20525 | D:15     | Entered Level 15 of the Dungeon
 20749 | D:15     | Gained mutation: You are frail. (-10% HP) [potion of mutation]
 20749 | D:15     | Gained mutation: Your system is resistant to poisons. (rPois) [potion of mutation]
 20749 | D:15     | Gained mutation: You can translocate small distances at will. [potion of mutation]
 20767 | D:15     | Found a staircase to the Depths.
 20825 | D:15     | Reached skill level 10 in Transmutations
 21185 | D:15     | Noticed Nessos
 21201 | D:15     | Killed Nessos
 21249 | D:15     | Noticed Agnes
 21315 | D:15     | Killed Agnes
 21502 | D:15     | Learned a level 6 spell: Statue Form
 21581 | D:15     | Reached skill level 1 in Earth Magic
 21631 | D:15     | Reached XP level 16. HP: 92/140 MP: 21/21
 22263 | Orc:1    | Entered Level 1 of the Orcish Mines
 22523 | Orc:1    | Found Saschaur's Gadget Shoppe.
 22535 | Orc:1    | Noticed Nergalle
 22547 | Orc:1    | Killed Nergalle
 22717 | Orc:2    | Entered Level 2 of the Orcish Mines
 22913 | Orc:2    | Found a roughly hewn altar of Beogh.
 22914 | Orc:2    | Found Wabitt's General Store.
 22932 | Orc:2    | Bought a scroll of blinking for 97 gold pieces
 23028 | Orc:2    | Found a roughly hewn altar of Beogh.
 23408 | Orc:2    | Found a roughly hewn altar of Beogh.
 23441 | Orc:2    | Found a staircase to the Elven Halls.
 23535 | Orc:2    | Reached skill level 5 in Earth Magic
 23537 | Orc:2    | Cast into level 2 of the Abyss (orc warrior)
 23599 | Abyss:2  | Found a roughly hewn altar of Beogh.
 23785 | Abyss:2  | Gained mutation: You are dopey. (Int -2) [a neqoxec]
 23793 | Abyss:2  | Noticed a tentacled starspawn
 23801 | Abyss:2  | Killed a tentacled starspawn
 24025 | Abyss:2  | Lost mutation: You are frail. (-10% HP) [potion of mutation]
 24025 | Abyss:2  | Lost mutation: Your system is resistant to poisons. (rPois) [potion of mutation]
 24025 | Abyss:2  | Gained mutation: Your muscles are strong. (Str +2) [potion of mutation]
 24025 | Abyss:2  | Gained mutation: You have supernaturally acute eyesight. (SInv) [potion of mutation]
 24162 | Abyss:2  | Noticed a Hell Sentinel
 24324 | Abyss:2  | Noticed a tentacled starspawn
 24342 | Abyss:2  | Killed a tentacled starspawn
 24345 | Orc:2    | Escaped the Abyss
 24442 | Orc:2    | Found Fiol's Antique Weapon Boutique.
 24443 | Orc:2    | Found a roughly hewn altar of Beogh.
 24447 | Orc:2    | Found Zaovey's Antique Armour Shop.
 24953 | Orc:2    | Demolished by an orc warrior

Skill      XL: |  1  2  3  4  5  6  7  8  9 10 11 12 13 14 15 16 |
---------------+-------------------------------------------------+-----
Unarmed Combat | 1 2 3 4 5 6 7 10 12 13 14 15 16 | 16.4
Fighting       | 1 2 3 4 5 6 7 8 9 |  9.0
Evocations     | 2 |  2.0
Dodging        | 3 5 6 7 8 |  8.4
Invocations    | 3 4 6 7 8 |  8.0
Translocations | 2 3 |  3.1
Conjurations   | 2 3 |  3.0
Fire Magic     | 2 3 |  3.0
Transmutations | 7 10 11 | 11.0
Spellcasting   | 4 |  4.0
Earth Magic    | 1 7 |  7.6
Stealth        | |  1.0
Summonings     | |  0.6

Action                   |  1- 3 |  4- 6 |  7- 9 | 10-12 | 13-15 | 16-18 || total
-------------------------+-------+-------+-------+-------+-------+-------++-------
Melee: Unarmed           |   131 |    85 |   303 |   588 |  1293 |   468 ||  2868
       Punch             |       |       |    15 |    33 |    73 |    25 ||   146
       Shillelagh        |       |       |       |       |     3 |       ||     3
Throw: Javelin           |       |       |       |       |     3 |       ||     3
       Large rock        |       |       |       |       |     2 |     5 ||     7
 Cast: Animate Skeleton  |       |       |       |    24 |   100 |    12 ||   136
       Conjure Flame     |       |       |       |    15 |    25 |       ||    40
       Apportation       |       |       |       |     1 |     1 |       ||     2
       Mephitic Cloud    |       |       |       |       |     5 |       ||     5
       Blink             |       |       |       |       |     2 |       ||     2
       Hydra Form        |       |       |       |       |     1 |       ||     1
       Statue Form       |       |       |       |       |       |     5 ||     5
Invok: Stomp             |       |       |       |     9 |    14 |     7 ||    30
 Abil: Evoke Invisibilit |       |     2 |     5 |     3 |     2 |     2 ||    14
Evoke: Wand              |       |       |     5 |     1 |    27 |     9 ||    42
       Lamp of fire      |       |       |       |       |     1 |     1 ||     2
  Use: Scroll            |       |     6 |     4 |     2 |    27 |     3 ||    42
       Potion            |       |     1 |       |     1 |    10 |     9 ||    21
 Stab: Sleeping          |     2 |     1 |     1 |     1 |     2 |     1 ||     8
       Invisible         |       |     2 |     4 |     3 |     1 |     4 ||    14
       Paralysed         |       |       |       |    32 |    93 |    42 ||   167
       Distracted        |       |       |       |       |     6 |     1 ||     7
  Eat: Chunk             |    15 |    13 |    36 |    61 |   103 |    24 ||   252
       Meat ration       |       |       |       |       |       |     1 ||     1
Armor: Robe              |    38 |    18 |    73 |   115 |   184 |    54 ||   482
       Skin              |       |       |       |       |    56 |    37 ||    93
Dodge: Dodged            |    86 |    51 |   162 |   387 |  1150 |   478 ||  2314
